 Dungeon Crawl Stone Soup version 0.30-a0-457-g4b7bca3bfa (webtiles) character file.

Game seed: 2728947109203436276

9468 pokeman the Eclecticist (level 11, -8/61 HPs)
             Began as a Deep Elf Hedge Wizard on Dec 14, 2022.
             Was a Believer of Vehumet.
             Mangled by a death yak (20 damage)
             ... on level 10 of the Dungeon.
             The game lasted 00:25:45 (11490 turns).

pokeman the Eclecticist (Deep Elf Hedge Wizard)    Turns: 11490, Time: 00:25:46

Health: -8/61      AC: 12    Str:  7    XL:     11   Next: 23%
Magic:  23/33      EV: 12    Int: 24    God:    Vehumet [**....]
Gold:   610        SH:  0    Dex: 14    Spells: 26/42 levels left

rFire   . . .      SeeInvis .    G - +1 flail (venom)
rCold   . . .      Faith    .    (no shield)
rNeg    . . .      Spirit   .    F - +3 leather armour {rPois}
rPois   +          Reflect  .    w - +1 helmet
rElec   .          Harm     .    (no cloak)
rCorr   .          Rampage  .    m - +1 pair of gloves
Will    +....                    n - +0 pair of boots
Stlth   ++........               (no amulet)
HPRegen 0.30/turn                I - +4 ring of slaying
MPRegen 0.23/turn                (no ring)

@: on blink cooldown
A: no striking features
a: Renounce Religion


You were on level 10 of the Dungeon.
You worshipped Vehumet.
Vehumet was pleased with you.
You visited 2 branches of the dungeon, and saw 12 of its levels.
You also visited: Sewer.

You collected 610 gold pieces.

Inventory:

Hand Weapons
 k - a +1 falchion of electrocution
 G - a +1 flail of venom (weapon)
Armour
 m - a +1 pair of gloves (worn)
 n - a +0 pair of boots (worn)
 w - a +1 helmet (worn)
 F - a +3 leather armour of poison resistance (worn)
 J - +0 steam dragon scales
Magical Staves
 p - a staff of air
Jewellery
 I - a +4 ring of slaying (left hand)
Wands
 r - a wand of paralysis (7)
 C - a wand of roots (8)
Scrolls
 f - 4 scrolls of noise {unknown}
 h - 3 scrolls of fear {unknown}
 l - 3 scrolls of teleportation {unknown}
 q - 3 scrolls of summoning {unknown}
 s - 10 scrolls of identify {unknown}
 t - a scroll of fog {unknown}
 u - 3 scrolls of blinking {unknown}
 v - 4 scrolls of magic mapping {unknown}
 x - 2 scrolls of enchant weapon {unknown}
 y - a scroll of poison {unknown}
 z - a scroll of amnesia {unknown}
 A - 3 scrolls of silence {unknown}
 B - 2 scrolls of immolation {unknown}
 D - a scroll of enchant armour {unknown}
 L - a scroll of torment {unknown}
Potions
 a - 3 potions of brilliance {unknown}
 b - a potion of berserk rage {unknown}
 c - a potion of haste {unknown}
 d - a potion of magic
 e - 3 potions of mutation {unknown}
 g - 2 potions of cancellation {unknown}
 i - 4 potions of curing {unknown}
 j - 2 potions of degeneration {unknown}
 o - 2 potions of might {unknown}
 E - 2 potions of attraction {unknown}
 H - 2 potions of flight {unknown}
 K - a potion of heal wounds {unknown}


   Skills:
 + Level 4.1 Fighting
 - Level 5.0 Armour
 - Level 4.0 Dodging
 - Level 4.3 Stealth
 * Level 16.0 Spellcasting
 + Level 9.4 Conjurations
 - Level 1.1 Summonings
 - Level 1.1 Translocations
 + Level 1.0 Fire Magic
 - Level 1.2 Air Magic
 - Level 1.2 Poison Magic
 - Level 2.2 Evocations


You had 26 spell levels left.
You knew the following spells:

 Your Spells              Type           Power      Damage    Failure   Level
a - Magic Dart            Conj           100%       1d8       1%          1
b - Mephitic Cloud        Conj/Pois/Air  38%        N/A       2%          3
c - Call Imp              Summ           24%        N/A       3%          2
d - Blink                 Tloc           48%        N/A       3%          2
e - Foxfire               Conj/Fire      100%       2x1d9     1%          1
f - Orb of Destruction    Conj           29%        9d9       56%         7

Your spell library contained the following spells:

 Spells                   Type           Power      Damage    Failure   Level
 Searing Ray              Conj           100%       2d8       1%          2
 Slow                     Hex            76%        N/A       4%          1
 Cigotuvi's Dreadful Rot  Necr/Pois/Air  46%        N/A       4%          2
 Gell's Gravitas          Tloc           24%        N/A       8%          3
 Lesser Beckoning         Tloc           48%        N/A       8%          3
 Teleport Other           Tloc           24%        N/A       8%          3
 Portal Projectile        Hex/Tloc       42%        N/A       10%         3
 Summon Guardian Golem    Hex/Summ       21%        N/A       10%         3
 Frozen Ramparts          Ice            38%        1d6       12%         3
 Ozocubu's Armour         Ice            19%        N/A       12%         3
 Tukima's Dance           Hex            19%        N/A       12%         3
 Manifold Assault         Tloc           24%        N/A       26%         4
 Summon Ice Beast         Ice/Summ       21%        N/A       32%         4
 Cause Fear               Hex            9%         N/A       36%         4
 Ice Form                 Ice/Tmut       19%        N/A       36%         4
 Blade Hands              Tmut           9%         N/A       73%         5
 Metabolic Englaciation   Hex/Ice        9%         N/A       73%         5
 Dispersal                Tloc           12%        N/A       98%         6
 Spellforged Servitor     Conj/Summ      22%        N/A       98%         7
 Simulacrum               Ice/Necr       9%         N/A       99%         6
 Dragon Form              Tmut           9%         N/A       100%        7
 Disjunction              Tloc           12%        N/A       100%        8
 Dragon's Call            Summ           12%        N/A       100%        9


Dungeon Overview and Level Annotations

Branches:
Dungeon (11/15)            Temple (1/1) D:7             Orc (0/2) D:10
  Sewer (visited)
   Lair: D:8-11

Altars:
Ashenzari
Cheibriados
Dithmenos
Elyvilon
Fedhas
Gozag
Hepliaklqana
Kikubaaqudgha
Nemelex Xobeh
Qazlal
Ru
Trog
Uskayaw
Vehumet
Wu Jian
Xom
Yredelemnul
The Shining One

Shops:
D:7 *

Annotations:
D:8 Gastronok


Message History

You feel a bit more experienced.
The foxfire hits the death yak but does no damage.
The death yak is lightly wounded.
A death yak comes into view.
Your Spellcasting skill increases to level 16!
Your Fire Magic skill increases to level 1!
Unknown command.
The death yak attacks as you move away! The death yak gores you!
The foxfire hits the death yak but does no damage.
The death yak is lightly wounded.
The foxfire hits the death yak but does no damage.
The death yak is lightly wounded.
The death yak attacks as you move away! The death yak gores you!
The death yak attacks as you move away! The death yak gores you!
There is a stone staircase leading up here.
The death yak gores you but does no damage.
The kobold demonologist begins to cast a cantrip, but forgets the words!
The death yak bellows!
You climb upwards.
There is a stone staircase leading down here.
Unknown command.
Unknown command.
Casting: Foxfire (safe; 1% risk of failure)
Confirm with . or Enter, or press ? or * to list all spells.
You blink.
The death yak gores you!
* * * LOW HITPOINT WARNING * * *
Unknown command.
Casting: Blink (safe; 3% risk of failure)
Confirm with . or Enter, or press ? or * to list all spells.
Aiming: Mephitic Cloud (dangerous; 2% risk of failure)
Press: ? - help, Shift-Dir - straight line, f - death yak
Aim: a death yak (chance to affect: 34%)
The ball explodes into a vile cloud!
The stinking cloud engulfs the death yak but does no damage.
The stinking cloud engulfs you but does no damage.
The death yak is engulfed in noxious fumes.
The death yak gores you but does no damage.
Unknown command.
The death yak attacks as you move away! The death yak gores you!!
You die...

#............######
#... #............#
#... ######.#######
#... #...## ###' ###..#
#. ########'### ###.
#.<....<...# ##...
#.....○°☼..# #..##
#.....@Y○..# ###'###
#......§○..# ###......
#..........####.'......
#..........#....#......
#..........'.####......
#..........### #......
####'####### #######
#...## ###..##


You could see a death yak.

Vanquished Creatures
  A two-headed ogre (D:10)
  Amaemon (D:9)
  An orange demon (D:9)
  Psyche (D:9)
  Prince Ribbit (D:6)
  A shadow (D:11)
  11 yaks
  2 wyverns
  2 steam dragons
  2 vampire mosquitoes (D:10)
  2 acid dragons
  3 water moccasins
  Duvessa (D:6)
  2 orc warriors (D:8)
  Pargi (Sewer)
  4 ogres
  3 centaurs
  3 lemures (D:9)
  A phantom (D:6)
  3 kobold brigands
  A gnoll sergeant (D:5)
  5 bullfrogs
  A necrophage (D:5)
  4 scorpions
  14 wights
  Dowan (D:6)
  2 killer bees
  3 howler monkeys (D:8)
  2 jellies
  5 orc priests
  5 iguanas
  12 orc wizards
  6 adders
  16 gnolls
  2 river rats (D:5)
  2 shadow imps
  An ufetubus (D:5)
  A worm (D:5)
  2 dart slugs
  27 orcs
  3 endoplasms
  10 giant cockroaches
  4 goblins
  2 hobgoblins (D:3)
  6 jackals
  8 quokkas
  2 ball pythons
  4 bats
  5 frilled lizards
  16 kobolds
  3 rats
221 creatures vanquished.

Vanquished Creatures (collateral kills)
  Pikel (D:9)
  Sigmund (D:2)
  A wight (D:8)
  A gnoll (D:3)
  A white imp (D:8)
  An orc (D:3)
  4 foxfires (D:9)
10 creatures vanquished.

Vanquished Creatures (others)
  205 foxfires
205 creatures vanquished.

Grand Total: 436 creatures vanquished

Notes
Turn   | Place    | Note
-------+----------+-------------------------------------------
     0 | D:1      | pokeman the Deep Elf Hedge Wizard began the quest for the
                  | Orb.
     0 | D:1      | Reached XP level 1. HP: 10/10 MP: 7/7
   293 | D:1      | Reached XP level 2. HP: 3/15 MP: 1/9
   854 | D:1      | Found a faded altar of an unknown god.
  1140 | D:2      | Reached skill level 5 in Spellcasting
  1292 | D:2      | Reached XP level 3. HP: 20/20 MP: 5/11
  1296 | D:2      | Learned a level 3 spell: Mephitic Cloud
  1299 | D:2      | Learned a level 2 spell: Call Imp
  1302 | D:2      | Learned a level 2 spell: Blink
  1755 | D:2      | Reached skill level 1 in Fighting
  1755 | D:2      | Reached skill level 1 in Armour
  1772 | D:2      | Reached XP level 4. HP: 8/25 MP: 2/13
  1982 | D:2      | Noticed Sigmund
  2079 | D:2      | Killed Sigmund
  2080 | D:2      | Reached skill level 6 in Spellcasting
  2080 | D:2      | Reached XP level 5. HP: 29/29 MP: 6/16
  2369 | D:3      | Noticed an ogre
  2384 | D:3      | Killed an ogre
  2385 | D:3      | Reached XP level 6. HP: 34/34 MP: 8/17
  2534 | D:3      | Reached skill level 7 in Spellcasting
  2937 | D:3      | Found a faded altar of an unknown god.
  2941 | D:3      | Found an ancient bone altar of Kikubaaqudgha.
  3277 | D:4      | Reached XP level 7. HP: 38/38 MP: 15/20
  3395 | D:4      | Reached skill level 1 in Air Magic
  3395 | D:4      | Reached skill level 1 in Poison Magic
  3396 | D:4      | Reached skill level 8 in Spellcasting
  3594 | D:4      | Found a hazy altar of Hepliaklqana.
  4357 | D:5      | Entered Level 5 of the Dungeon
  4455 | D:5      | Reached skill level 1 in Evocations
  4465 | D:5      | Found a stormy altar of Qazlal.
  4618 | D:5      | Found a glowing drain.
  4626 | Sewer    | Entered a sewer
  4702 | Sewer    | Noticed Pargi
  4712 | Sewer    | Killed Pargi
  4867 | D:5      | Reached XP level 8. HP: 44/44 MP: 20/22
  5163 | D:5      | Reached skill level 9 in Spellcasting
  5290 | D:5      | You fall into a shaft and drop 2 floors!
  5501 | D:5      | Reached skill level 5 in Conjurations
  5754 | D:5      | Reached skill level 10 in Spellcasting
  5990 | D:6      | Noticed Prince Ribbit
  5994 | D:6      | Noticed Duvessa
  5999 | D:6      | HP: 1/44 [Duvessa/+0 short sword (3)]
  6000 | D:6      | Noticed Dowan
  6256 | D:6      | Found a sparkling altar of Nemelex Xobeh.
  6357 | D:6      | Found a hide-covered altar of Uskayaw.
  6392 | D:6      | Killed Duvessa
  6545 | D:6      | Learned a level 7 spell: Orb of Destruction
  6652 | D:6      | Reached skill level 11 in Spellcasting
  6652 | D:6      | Reached XP level 9. HP: 44/48 MP: 23/26
  6746 | D:6      | Killed Prince Ribbit
  6758 | D:6      | Killed Dowan
  7023 | D:7      | Found a staircase to the Ecumenical Temple.
  7028 | Temple   | Entered the Ecumenical Temple
  7147 | Temple   | Became a worshipper of Vehumet
  7274 | D:7      | Found Hunagh's Assorted Antiques.
  7378 | D:7      | Found a snail-covered altar of Cheibriados.
  7968 | D:8      | Noticed Gastronok
  8020 | D:8      | Reached skill level 12 in Spellcasting
  8387 | D:8      | Reached skill level 13 in Spellcasting
  8630 | D:8      | Reached * piety under Vehumet
  8630 | D:8      | Offered knowledge of Foxfire by Vehumet.
  8633 | D:8      | Learned a level 1 spell: Foxfire
  8785 | D:7      | Reached XP level 10. HP: 25/55 MP: 23/29
  9486 | D:9      | Noticed Amaemon
  9486 | D:9      | Noticed an orange demon
  9697 | D:9      | Noticed Pikel
  9705 | D:9      | Noticed Psyche
  9711 | D:9      | Killed Psyche
  9731 | D:9      | Killed Pikel
  9732 | D:9      | Reached skill level 14 in Spellcasting
  9954 | D:9      | Killed an orange demon
 10041 | D:9      | Found a bloodstained altar of Trog.
 10108 | D:9      | Killed Amaemon
 10108 | D:9      | Reached ** piety under Vehumet
 10229 | D:9      | Offered knowledge of Searing Ray by Vehumet.
 10234 | D:9      | Reached skill level 15 in Spellcasting
 10390 | D:9      | Found a shimmering altar of Xom.
 10747 | D:10     | Entered Level 10 of the Dungeon
 10927 | D:10     | Reached XP level 11. HP: 61/61 MP: 26/32
 10964 | D:10     | Found a staircase to the Orcish Mines.
 10990 | D:10     | Found an ornate altar of the Wu Jian Council.
 11274 | D:10     | Noticed a two-headed ogre
 11306 | D:10     | Killed a two-headed ogre
 11307 | D:10     | Reached skill level 5 in Armour
 11373 | D:10     | Found a blossoming altar of Fedhas.
 11472 | D:11     | Noticed a death yak
 11476 | D:11     | Noticed a death yak
 11480 | D:11     | Noticed a death yak
 11481 | D:11     | Reached skill level 16 in Spellcasting
 11481 | D:11     | Reached skill level 1 in Fire Magic
 11490 | D:10     | Mangled by a death yak

Illustrated notes

Levels and vault maps discovered:
D:1:      minmay_arrival_diagonal_passages, layout_rooms,
          dreamdust_ecumenical_altar_angels_and_demons
D:2:      layout_loops_corners, minivault_19, minivault_11,
          mrwooster_statue_mirror, uniq_sigmund
D:3:      layout_basic, nicolae_overflow_ecumenical_swirl
D:4:      layout_loops_ring, mainiacjoe_overflow_catwalk,
          kennysheep_cross_bottleneck
D:5:      layout_basic, mainiacjoe_overflow_brackets, gup_sewer_entry_spiral
D:6:      layout_basic, mainiacjoe_overflow_alcove_2,
          eat_drink_and_be_merry_uskayaw, uniq_duvessa, uniq_prince_ribbit1
D:7:      layout_loops_ring, old_standard_altar, temple_doors_e,
          serial_aquarium, aquarium_bridge_long_joined [aquarium_subvault_wall,
          aquarium_subvault_wall, aquarium_subvault_wall,
          aquarium_subvault_window, aquarium_subvault_window,
          aquarium_subvault_bridge], aquarium_window_2, aquarium_window_2,
          aquarium_window_fake, aquarium_window_3, aquarium_view_2g,
          aquarium_view_2a, serial_shops, shop_fountains, grunt_tough_drop
D:8:      minmay_the_grid_square_5x5_3x3
          [minmay_the_grid_square_5x5_doubleslash,
          minmay_the_grid_square_5x5_tri_point,
          minmay_the_grid_square_5x5_shrine2,
          minmay_the_grid_square_5x5_misaligned,
          minmay_the_grid_square_5x5_megaprize_hollow,
          minmay_the_grid_square_5x5_spiral_small,
          minmay_the_grid_square_5x5_half_checkered,
          minmay_the_grid_square_5x5_checkered_statues,
          minmay_the_grid_square_5x5_tetrominoes], layout_basic, uniq_gastronok
D:9:      layout_rooms, lemuel_doored_altar, lightli_temple_of_fire,
          chequers_serial_rivers_micro_a, uniq_psyche, uniq_amaemon, uniq_pikel
D:10:     layout_roguey, fedhas_altar_fruit_tree, nzn_wu_jian_council_hall,
          orc_0_dummy
D:11:     layout_grid_maze, dpeg_lair_monsters
Temple:   minmay_temple_forest_path

Skill      XL: |  1  2  3  4  5  6  7  8  9 10 11 |
---------------+----------------------------------+-----
Spellcasting   | 5 6 7 8 11 13 15 16 | 16.0
Fighting       | 1 2 3 4 |  4.1
Armour         | 1 2 3 4 5 |  5.0
Conjurations   | 2 3 4 6 7 9 |  9.4
Dodging        | 3 4 |  4.0
Stealth        | 3 4 |  4.3
Air Magic      | 1 |  1.2
Poison Magic   | 1 |  1.2
Evocations     | 1 2 |  2.2
Fire Magic     | 1 |  1.0
Summonings     | |  1.1
Translocations | |  1.1

Action                   |  1- 3 |  4- 6 |  7- 9 | 10-12 || total
-------------------------+-------+-------+-------+-------++-------
Melee: Dagger            |     5 |       |       |       ||     5
       Battleaxe         |    13 |    20 |    19 |       ||    52
       Falchion          |       |       |   133 |       ||   133
       Hand axe          |       |       |     6 |       ||     6
       Punch             |       |       |     5 |     3 ||     8
       Flail             |       |       |    60 |   101 ||   161
 Cast: Magic Dart        |    82 |    39 |   201 |    22 ||   344
       Mephitic Cloud    |     2 |     8 |    39 |    26 ||    75
       Call Imp          |       |     2 |     9 |     1 ||    12
       Blink             |       |       |     8 |     1 ||     9
       Foxfire           |       |       |     2 |   112 ||   114
Evoke: Wand              |       |       |     3 |     2 ||     5
 Stab: Sleeping          |     1 |       |     3 |       ||     4
       Confused          |       |     3 |    20 |    13 ||    36
       Paralysed         |       |       |     6 |       ||     6
       Distracted        |       |       |     2 |       ||     2
Armor: Robe              |     6 |     8 |    29 |       ||    43
       Leather armour    |       |       |    45 |    59 ||   104
Dodge: Dodged            |    27 |    27 |   169 |    69 ||   292

Table legend: (Time is in decaauts)
 A = Elapsed time spent in this place.
 B = Non-inter-level travel time spent in this place.
 C = Inter-level travel time spent in this place.
 D = Time resting spent in this place.
 E = Time spent auto-exploring this place.
 F = Levels seen in this place.
 G = Mean time per level.
                   A        B        C        D        E       F      G
               +--------+--------+--------+--------+--------+-----+--------+
         Total |  11667 |  11262 |    405 |    650 |   8332 |  13 |  897.5 |
       Dungeon |  11330 |  10950 |    380 |    650 |   8081 |  11 | 1030.0 |
        Temple |    145 |    120 |     25 |      0 |    106 |   1 |  145.0 |
         Sewer |    190 |    190 |      0 |      0 |    145 |   1 |  190.0 |
               +--------+--------+--------+--------+--------+-----+--------+

Top non-repeatable levels by time:
     D:8: 1556 daAuts
     D:5: 1475 daAuts
     D:2: 1463 daAuts
     D:7: 1166 daAuts
     D:4: 1106 daAuts
     D:9: 1096 daAuts
     D:3: 914 daAuts
     D:1: 906 daAuts
     D:6: 897 daAuts
    D:10: 724 daAuts
   Sewer: 190 daAuts
  Temple: 145 daAuts
    D:11: 21 daAuts
